 Dungeon Crawl Stone Soup version 0.28-a0-1616-g050a50673c (webtiles) character file.

Game seed: 8378433234773580198

131 Hasart the Skirmisher (level 4, -1/38 HPs)
             Began as a Demigod Fighter on Jan 23, 2022.
             Slain by a gnoll (7 damage)
             ... on level 4 of the Dungeon.
             The game lasted 00:05:19 (3616 turns).

Hasart the Skirmisher (Demigod Fighter)             Turns: 3616, Time: 00:05:20

Health: -1/38      AC:  8    Str: 17    XL:     4   Next: 61%
Magic:  6/6        EV:  9    Int: 10    God:
Gold:   111        SH:  5    Dex: 17    Spells: 3/3 levels left

rFire   . . .      SeeInvis .   a - +0 long sword
rCold   . . .      Faith    .   c - +0 buckler
rNeg    . . .      Spirit   .   b - +0 scale mail
rPois   .          Reflect  .   (no helmet)
rElec   .          Harm     .   (no cloak)
rCorr   .          Rampage  .   (no gloves)
Will    .....                   h - +0 pair of boots
Stlth   ..........              (no amulet)
HPRegen 0.12/turn               (no ring)
MPRegen 0.10/turn               (no ring)

@: no status effects
A: high mp 1, forlorn, divine attributes
a: no special abilities


You were on level 4 of the Dungeon.
You visited 1 branch of the dungeon, and saw 4 of its levels.

You collected 111 gold pieces.

Inventory:

Hand Weapons
 a - a +0 long sword (weapon)
Armour
 b - a +0 scale mail (worn)
 c - a +0 buckler (worn)
 h - a +0 pair of boots (worn)
Scrolls
 j - a scroll of enchant weapon {unknown}
 k - a scroll of identify {unknown}
 l - 2 scrolls of torment {unknown}
 n - 2 scrolls of teleportation {unknown}
Potions
 d - a potion of might
 e - 2 potions of curing {unknown}
 f - 2 potions of brilliance {unknown}
 g - 2 potions of degeneration {unknown}
 m - a potion of heal wounds {unknown}


   Skills:
 + Level 3.3 Fighting
 + Level 2.5 Long Blades
 + Level 1.0 Throwing
 + Level 3.2 Armour
 + Level 1.5 Dodging
 + Level 3.2 Shields


You had 3 spell levels left.
You didn't know any spells.
Your spell library contained the following spells:

 Spells                   Type           Power      Damage    Failure   Level
 Ignite Poison            Fire/Tmut/Pois 0%         N/A       99%         3
 Mephitic Cloud           Conj/Pois/Air  0%         N/A       99%         3
 Freezing Cloud           Conj/Ice/Air   0%         6-21      100%        5


Dungeon Overview and Level Annotations

Branches:
Dungeon (4/15)
 Temple: D:4-7


Innate Abilities, Weirdness & Mutations

You have an increased reservoir of magic. (+10% MP)
You shall have no god before yourself.
Your divine heritage dramatically boosts your attributes as you level up.


Message History

You see here a +0 halberd.
HP restored.
Done exploring.
There is a stone staircase leading down here.
You climb downwards.
There is a stone staircase leading up here.
The gnoll hits you from afar with a +0 halberd!
You block the gnoll's attack.
There is an escape hatch in the ceiling here.
You see here 2 poisoned darts.
You hit the gnoll but do no damage. You block the gnoll's attack. x2
You slash the gnoll!
The gnoll is heavily wounded.
The gnoll hits you but does no damage.
You closely miss the gnoll.
The gnoll is heavily wounded.
The gnoll closely misses you.
You hit the gnoll but do no damage.
The gnoll is heavily wounded.
The gnoll hits you with a +0 halberd! The gnoll closely misses you.
You barely miss the gnoll.
The gnoll is heavily wounded.
The gnoll misses you.
You barely miss the gnoll.
The gnoll is heavily wounded.
The gnoll hits you with a +0 halberd.
You hit the gnoll.
The gnoll is severely wounded.
The gnoll barely misses you.
You hit the gnoll.
The gnoll is severely wounded.
You block the gnoll's attack. The gnoll hits you with a +0 halberd!
* * * LOW HITPOINT WARNING * * *
You barely miss the gnoll.
The gnoll is severely wounded.
You block the gnoll's attack.
You barely miss the gnoll.
The gnoll is severely wounded.
The gnoll hits you with a +0 halberd!
You die...

##... #...g
#... ...
..##.####
#.#.....####.#
##...###......#
...... #.######
.##...###(g@.<#
##[......###.#
........## #.#
###.....####.#
#...>.......#
##.....######
#.# ##...## #.#
##.## ..# #...#


You could see a gnoll.

Vanquished Creatures
  3 gnolls (D:3)
  An adder (D:2)
  2 worms (D:2)
  2 dart slugs
  4 orcs (D:3)
  7 bats
  9 endoplasms
  2 giant cockroaches
  9 goblins
  8 hobgoblins
  7 kobolds
  2 quokkas (D:1)
  8 ball pythons
  3 frilled lizards
  6 rats
73 creatures vanquished.

Vanquished Creatures (others)
  An orc (D:3)
1 creature vanquished.

Grand Total: 74 creatures vanquished

Notes
Turn   | Place    | Note
-------+----------+-------------------------------------------
     0 | D:1      | Hasart the Demigod Fighter began the quest for the Orb.
     0 | D:1      | Reached XP level 1. HP: 18/18 MP: 3/3
   337 | D:1      | Reached XP level 2. HP: 18/25 MP: 4/4
  1273 | D:2      | Reached XP level 3. HP: 21/31 MP: 5/5
  1295 | D:2      | Reached skill level 1 in Dodging
  2372 | D:3      | Reached XP level 4. HP: 38/38 MP: 6/6
  3343 | D:3      | Reached skill level 1 in Throwing
  3616 | D:4      | Slain by a gnoll

Illustrated notes

Levels and vault maps discovered:
D:1:      saegor_arrival_simple_b, layout_basic, serial_rivers,
          chequers_serial_rivers_micro_e, chequers_serial_rivers_large_b,
          chequers_serial_rivers_room_a, chequers_serial_rivers_micro_a
D:2:      layout_basic, dilly_ecumenical_altar_fadedgnrine
D:3:      layout_rooms, nicolae_qazlal_scattered_showers,
          minmay_misc_feat_encased
D:4:      layout_loops_cross, gammafunk_ghost_icy

Skill      XL: |  1  2  3  4 |
---------------+-------------+-----
Long Blades    | 2 |  2.5
Fighting       | 3 |  3.3
Shields        | 3 |  3.2
Armour         | 3 |  3.2
Dodging        | 1 |  1.5
Throwing       | 1 |  1.0

Action                   |  1- 3 |  4- 6 || total
-------------------------+-------+-------++-------
Melee: Long sword        |   191 |    60 ||   251
Throw: Dart              |       |     5 ||     5
Armor: Scale mail        |   104 |    17 ||   121
Dodge: Dodged            |    93 |    28 ||   121
Block: Buckler           |    45 |    23 ||    68

Table legend: (Time is in decaauts)
 A = Elapsed time spent in this place.
 B = Non-inter-level travel time spent in this place.
 C = Inter-level travel time spent in this place.
 D = Time resting spent in this place.
 E = Time spent auto-exploring this place.
 F = Levels seen in this place.
 G = Mean time per level.
                   A        B        C        D        E       F      G
               +--------+--------+--------+--------+--------+-----+--------+
         Total |   3755 |   3676 |     79 |    708 |   2297 |   4 |  938.8 |
       Dungeon |   3755 |   3676 |     79 |    708 |   2297 |   4 |  938.8 |
               +--------+--------+--------+--------+--------+-----+--------+

Top non-repeatable levels by time:
     D:1: 1342 daAuts
     D:3: 1180 daAuts
     D:2: 1046 daAuts
     D:4: 185 daAuts
